 Dungeon Crawl Stone Soup version 0.30-a0-639-g3916f1956a (webtiles) character file.

Game seed: 9708840070257615525

1283 ASSMAN the Chopper (level 9, -8/67 HPs)
             Began as a Meteoran Reaver on Jan 17, 2023.
             Killed by nerve-wracking pain
             ... invoked by an orc priest
              (13 damage)
             ... on level 6 of the Dungeon.
             The game lasted 00:11:42 (3561 turns).

ASSMAN the Chopper (Meteoran Reaver)                Turns: 3561, Time: 00:11:43

Health: -8/67      AC: 19    Str: 13    XL:     9   Next: 10%
Magic:  21/21      EV: 14    Int: 18    God:
Gold:   232        SH:  0    Dex: 15    Spells: 16/22 levels left

rFire   . . .      SeeInvis .    j - +0 broad axe (protect)
rCold   . . .      Faith    .    (no shield)
rNeg    . . .      Spirit   .    t - +0 scale mail of True Grit {Harm}
rPois   .          Reflect  .    (no helmet)
rElec   .          Harm     +    (no cloak)
rCorr   .          Rampage  .    (no gloves)
Will    +....                    y - +1 pair of boots {Fly} Stlth
                                 (no amulet)
HPRegen 0.31/turn                k - +5 ring of evasion
MPRegen 0.17/turn                n - +4 ring of protection

@: under a protective aura, flying, glowing
A: sense surroundings 2, otherworldly, glowing, explore regen
a: no special abilities


You were on level 6 of the Dungeon.
You visited 1 branch of the dungeon, and saw 6 of its levels.
You also visited: Sewer.

You collected 232 gold pieces.

Inventory:

Hand Weapons
 a - a +0 hand axe
 j - a +0 broad axe of protection (weapon)
 m - a +0 battleaxe
Missiles
 e - 4 boomerangs of dispersal (quivered)
Armour
 t - the +0 scale mail of True Grit (worn) {Harm}
   (You found it on level 3 of the Dungeon)

   Harm:      It increases damage dealt and taken.
 y - a +1 pair of boots of flying (worn)
Jewellery
 k - a +5 ring of evasion (left hand)
 n - a +4 ring of protection (right hand)
 v - the amulet "Asiolej" {Spirit Rampage rElec}
   (You found it on level 3 of the Dungeon)

   [amulet of guardian spirit]

   It causes incoming damage to be divided between your reserves of health and
   magic.
   rElec:     It insulates you from electricity.
   Rampage:   It bestows one free step when moving towards enemies.
Scrolls
 b - a scroll of summoning {unknown}
 c - a scroll of blinking
 d - 2 scrolls of fog {unknown}
 f - a scroll of enchant weapon
 g - 2 scrolls of immolation {unknown}
 h - 2 scrolls of brand weapon
 i - 3 scrolls of teleportation
 p - a scroll of amnesia {unknown}
 w - a scroll of noise {unknown}
 x - a scroll of acquirement {unknown}
 z - a scroll of vulnerability {unknown}
 A - a scroll of magic mapping
Potions
 l - 3 potions of flight
 o - 3 potions of attraction {unknown}
 q - a potion of lignification {unknown}
 s - 2 potions of haste {unknown}
 u - 3 potions of curing {unknown}
 B - a potion of cancellation {unknown}
 C - a potion of might {unknown}


   Skills:
 - Level 2.1 Fighting
 + Level 7.9 Axes
 - Level 2.4 Dodging
 + Level 7.4 Spellcasting
 + Level 7.8 Conjurations


You had 16 spell levels left.
You knew the following spells:

 Your Spells              Type           Power      Damage    Failure   Level
a - Kiss of Death         Conj/Necr      80%        2d11      11%         1
b - Momentum Strike       Conj/Tloc      40%        3d9       16%         2
c - Hailstorm             Conj/Ice       20%        3d6       30%         3

Your spell library contained the following spells:

 Spells                   Type           Power      Damage    Failure   Level
 Beastly Appendage        Tmut           12%        N/A       45%         1
 Wereblood                Tmut           6%         N/A       61%         2
 Spider Form              Tmut/Pois      6%         N/A       83%         3
 Conjure Ball Lightning   Conj/Air       10%        3x3d6     100%        6
 Discord                  Hex            3%         N/A       100%        8
 Disjunction              Tloc           3%         N/A       100%        8


Dungeon Overview and Level Annotations

Branches:
Dungeon (6/15) Zot: 489     Sewer (visited)
 Temple: D:4-7

Altars:
Ashenzari
Kikubaaqudgha
Nemelex Xobeh
Okawaru
Wu Jian
Xom


Innate Abilities, Weirdness & Mutations

You passively map the area around you.
You are easily found by Zot.
You glow in the dark.
You regain HP and MP as you explore.


Message History

You hit the orc priest but do no damage.
Your weapon exudes an aura of protection.
You punch the orc priest, but do no damage.
The orc priest miscasts a cantrip.
The orc priest mumbles some strange prayers to Beogh against you.
Beogh smites you!
You are too injured to fight recklessly!
You are too injured to fight recklessly!
You are too injured to fight recklessly!
You are too injured to fight recklessly!
You are too injured to fight recklessly!
You are too injured to fight recklessly!
You slash the orc priest!
The orc priest is severely wounded.
You hit the orc warrior.
The orc priest hits you but does no damage.
The orc warrior hits you but does no damage.
You barely miss the orc priest.
The orc priest is severely wounded.
You hit the orc warrior but do no damage.
The orc priest hits you but does no damage.
The orc warrior hits you but does no damage.
You hit the orc priest but do no damage.
The orc priest is severely wounded.
You hit the orc priest. You barely miss the orc warrior.
The orc priest calls upon Beogh to heal the orc warrior.
The orc warrior's wounds heal themselves!
The orc priest closely misses you.
The orc warrior hits you with a +0 scimitar.
You closely miss the orc priest.
The orc priest is lightly wounded.
You hit the orc warrior but do no damage.
You hit the orc priest.
The orc priest calls down the wrath of Beogh upon you.
Beogh smites you!
* * * LOW HITPOINT WARNING * * *
The orc warrior closely misses you.
The orc priest calls down the wrath of Beogh upon you.
Pain shoots through your body!
You die...

......,,,..,,,,,,,*
......,,,...,******
......,,*#..#######
......,,**#.......#
.,***,,**##.......#
,,,,,,,,,.........#
.,,,,,,,**#.......#
.,,,,,,,* #....oo.#
,,,,,,,,* #....o@.#
,,,,,,,,* #########
,,,,,,,,* ,,,,,,,,*
,,,,,,,,* ,~,,~,,,*
,~~~~,*** ,~~_~~*
,,~~~~*


You could see an orc warrior and 2 orc priests.

Vanquished Creatures
  Edmund (D:6)
  A black bear (D:4)
  3 kobold brigands (Sewer)
  3 wights (D:6)
  A vampire bat (D:3)
  2 hounds (D:6)
  A jelly (D:4)
  An orc priest (D:4)
  Jessica (D:3)
  3 iguanas
  Terence (D:2)
  5 orc wizards
  Natasha (D:3)
  2 gnolls (D:6)
  6 river rats
  7 adders
  A shadow imp (D:5)
  2 white imps
  2 worms
  2 dart slugs
  7 orcs
  3 bat skeletons (D:3)
  2 bat zombies (D:3)
  9 endoplasms
  7 giant cockroaches
  8 goblins
  5 hobgoblins
  5 jackals
  4 kobolds
  4 quokkas
  6 ball pythons
  7 bats
  7 frilled lizards
  15 rats
135 creatures vanquished.

Vanquished Creatures (others)
  3 plants (Sewer)
3 creatures vanquished.

Grand Total: 138 creatures vanquished

Notes
Turn   | Place    | Note
-------+----------+-------------------------------------------
     0 | D:1      | ASSMAN the Meteoran Reaver began the quest for the Orb.
     0 | D:1      | Reached XP level 1. HP: 17/17 MP: 5/5
    53 | D:1      | Reached XP level 2. HP: 21/24 MP: 6/6
   213 | D:1      | Reached XP level 3. HP: 25/29 MP: 8/8
   492 | D:1      | Glimpsed the power of Zot.
   556 | D:2      | Reached XP level 4. HP: 28/36 MP: 8/10
  1078 | D:2      | Noticed Terence
  1085 | D:2      | Killed Terence
  1086 | D:2      | Reached XP level 5. HP: 41/41 MP: 10/12
  1090 | D:2      | Glimpsed the power of Zot.
  1125 | D:2      | Glimpsed the power of Zot.
  1219 | D:3      | Noticed Jessica
  1226 | D:3      | You fall into a shaft and drop 1 floor!
  1284 | D:4      | Reached skill level 5 in Conjurations
  1315 | D:4      | Reached skill level 5 in Axes
  1410 | D:4      | Reached XP level 6. HP: 43/48 MP: 13/13
  1492 | D:4      | Noticed a black bear
  1508 | D:4      | Killed a black bear
  1509 | D:4      | Reached skill level 5 in Spellcasting
  1509 | D:4      | Reached XP level 7. HP: 29/55 MP: 15/15
  1752 | D:3      | Found an ornate altar of the Wu Jian Council.
  1765 | D:3      | Identified the +0 scale mail of True Grit {Harm}
  1788 | D:3      | Killed Jessica
  1825 | D:3      | Identified the amulet "Asiolej" {Spirit Rampage rElec}
  1918 | D:3      | Noticed Natasha
  1932 | D:3      | Killed Natasha
  1940 | D:3      | Found an ancient bone altar of Kikubaaqudgha.
  2129 | D:4      | Found a snail-covered altar of Cheibriados.
  2131 | D:4      | Found a hide-covered altar of Uskayaw.
  2131 | D:4      | Found a sparkling altar of Nemelex Xobeh.
  2133 | D:4      | Found an iron altar of Okawaru.
  2133 | D:4      | Found an ancient bone altar of Kikubaaqudgha.
  2133 | D:4      | Found a shimmering altar of Xom.
  2175 | D:5      | Entered Level 5 of the Dungeon
  2220 | D:5      | Learned a level 2 spell: Momentum Strike
  2224 | D:5      | Learned a level 3 spell: Hailstorm
  2372 | D:5      | Found a broken altar of Ashenzari.
  2821 | D:5      | Reached XP level 8. HP: 61/61 MP: 17/17
  2827 | D:5      | Found a glowing drain.
  2834 | Sewer    | Entered a sewer
  3313 | Sewer    | Glimpsed the power of Zot.
  3373 | D:5      | Glimpsed the power of Zot.
  3483 | D:6      | Noticed Edmund
  3493 | D:6      | Killed Edmund
  3494 | D:6      | Gained mutation: You passively map the area around you.
                  | [Meteoran growth]
  3494 | D:6      | Reached XP level 9. HP: 67/67 MP: 20/20
  3561 | D:6      | Killed from afar by an orc priest

Illustrated notes

Levels and vault maps discovered:
D:1:      kennysheep_arrival_forest, layout_basic,
          chequers_ecumenical_altar_grove
D:2:      layout_loops_ring, uniq_terence
D:3:      layout_basic, kennysheep_vampire_church,
          mainiacjoe_overflow_tiny_flanked, minmay_goblin_outpost, uniq_jessica,
          uniq_natasha
D:4:      kennysheep_spiral_hall, layout_loops_ring, doesnt_xom_only_xom
D:5:      layout_basic, nicolae_ashenzari_panopticon, portal_sewer_entry_e
D:6:      layout_rooms, general_overflow_altar,
          nicolae_hepliaklqana_hippocampus, fedhas_altar_2, bh_walls_and_bars,
          uniq_edmund

Skill      XL: |  1  2  3  4  5  6  7  8 |
---------------+-------------------------+-----
Spellcasting   | 3 4 5 7 |  7.4
Axes           | 4 5 6 7 |  7.9
Conjurations   | 4 5 6 7 |  7.8
Fighting       | |  2.1
Dodging        | |  2.4

Action                   |  1- 3 |  4- 6 |  7- 9 || total
-------------------------+-------+-------+-------++-------
Melee: Hand axe          |    77 |   151 |   161 ||   389
       Punch             |     1 |     1 |     6 ||     8
       Broad axe         |       |       |   144 ||   144
Throw: Dart              |       |       |     1 ||     1
  Use: Scroll            |       |     5 |     4 ||     9
       Potion            |       |     1 |     1 ||     2
Armor: Leather armour    |    29 |    45 |    24 ||    98
       Scale mail        |       |       |   112 ||   112
Dodge: Dodged            |    51 |   104 |   200 ||   355

Table legend: (Time is in decaauts)
 A = Elapsed time spent in this place.
 B = Non-inter-level travel time spent in this place.
 C = Inter-level travel time spent in this place.
 D = Time resting spent in this place.
 E = Time spent auto-exploring this place.
 F = Levels seen in this place.
 G = Mean time per level.
                   A        B        C        D        E       F      G
               +--------+--------+--------+--------+--------+-----+--------+
         Total |   3632 |   3455 |    177 |      6 |   2364 |   7 |  518.9 |
       Dungeon |   3109 |   2932 |    177 |      6 |   2034 |   6 |  518.2 |
         Sewer |    523 |    523 |      0 |      0 |    330 |   1 |  523.0 |
               +--------+--------+--------+--------+--------+-----+--------+

Top non-repeatable levels by time:
     D:5: 696 daAuts
     D:2: 648 daAuts
     D:4: 609 daAuts
   Sewer: 523 daAuts
     D:1: 509 daAuts
     D:3: 436 daAuts
     D:6: 208 daAuts
